 Dungeon Sprint DCSS version 0.29.1-2-gbd0b4ee654 (webtiles) character file.

Game seed: 15403443728641116327

424 boopmooplesden the Carver (level 6, -12/67 HPs)
             Began as a Minotaur Berserker on Nov 30, 2022.
             Was a Priest of Trog.
             Mangled by a neqoxec (14 damage)
             ... in the Dungeon (Sprint II: "The Violet Keep of Menkaure").
             The game lasted 00:00:33 (233 turns).

boopmooplesden the Carver (Minotaur Berserker)       Turns: 233, Time: 00:00:33

Health: -12/67     AC:  1    Str: 22    XL:     6   Next: 64%
Magic:  5/5        EV: 12    Int:  4    God:    Trog [***...]
Gold:   243        SH:  0    Dex:  5    Spells: 5/5 levels left

rFire   . . .      SeeInvis .   a - +0 falchion
rCold   . . .      Faith    .   (no shield)
rNeg    . . .      Spirit   .   b - +0 animal skin
rPois   .          Reflect  .   (helmet restricted)
rElec   .          Harm     .   (no cloak)
rCorr   .          Rampage  .   (no gloves)
Will    .....      NoTele   +   (no boots)
Stlth   +.........              (no amulet)
HPRegen 0.21/turn               (no ring)
MPRegen 0.09/turn               (no ring)

@: on berserk cooldown, slowed, very slow
A: horns 2, retaliatory headbutt, clumsy 2, deformed body, deterioration 1, weak
1
a: Renounce Religion, Berserk, Trog's Hand


You were in the Dungeon.
You worshipped Trog.
Trog was most pleased with you.
You visited 1 branch You collected 243 gold pieces.

Inventory:

Hand Weapons
 a - a +0 falchion (weapon)
Armour
 b - a +0 animal skin (worn)
Scrolls
 h - a scroll of blinking
Potions
 c - a potion of curing
 d - a potion of heal wounds
 e - a potion of haste
 f - 2 potions of magic
 g - a potion of berserk rage


   Skills:
 + Level 10.9 Fighting
 + Level 12.3 Long Blades
 + Level 5.2 Armour
 + Level 4.9 Dodging


You had 5 spell levels left.
You didn't know any spells.
Your spell library was empty.

Dungeon Overview and Level Annotations

Branches:
Dungeon (1/1)

Altars:


Innate Abilities, Weirdness & Mutations

You have a pair of horns on your head.
You reflexively headbutt those who attack you in melee.
You are very clumsy. (Dex -4)
Armour fits poorly on your strangely shaped body.
Your body sometimes deteriorates upon taking damage.
You are weak. (Str -2)


Message History

The neqoxec is severely wounded.
You closely miss the neqoxec.
The neqoxec is severely wounded.
The neqoxec hits you!
* * * LOW HITPOINT WARNING * * *
Your body deteriorates!
You feel clumsy. The neqoxec gestures at you.
Something tries to feed on your intellect!
You closely miss the neqoxec.
The neqoxec is severely wounded.
You hit the neqoxec. You headbutt the neqoxec.
The neqoxec is almost dead.
The neqoxec gestures at you.
Strange energies course through your body.
Your body twists and deforms.
The neqoxec hits you.
* * * LOW HITPOINT WARNING * * *
You slash the neqoxec!
You kill the neqoxec!
Trog accepts your kill.
You feel your dexterity returning.
Your Fighting skill increases to level 10!
Your Long Blades skill increases to level 12!
Your Armour skill increases to level 5!
You slash the neqoxec! Your headbutt misses the neqoxec.
Your punch misses the neqoxec.
The neqoxec is moderately wounded.
You are no longer berserk.
You are exhausted.
You feel yourself slow down. The neqoxec gestures at you.
Strange energies course through your body.
You feel clumsy.
You completely miss the neqoxec. Your headbutt misses the neqoxec.
The neqoxec is moderately wounded.
The neqoxec misses you.
You barely miss the neqoxec.
The neqoxec is moderately wounded.
The neqoxec hits you!
You die...

## ### ##
#.##..# .#
#3$.#### .##
#@# #.##..#
##.####†#..#
+.<.'.##+..#
##.##...#....#
#+###.##......~
### §.§...~
§§~~..~ ~§§~~.~
§§~~~~~


You could see a neqoxec.

Vanquished Creatures
  Menkaure (D)
  3 neqoxecs (D)
  3 worms (D)
7 creatures vanquished.

Notes
Turn   | Place    | Note
-------+----------+-------------------------------------------
     0 | D        | boopmooplesden the Minotaur Berserker began the quest for
                  | the Orb.
     0 | D        | Reached XP level 1. HP: 19/19 MP: 0/0
     9 | D        | Reached skill level 4 in Long Blades
   103 | D        | Noticed Menkaure
   105 | D        | Killed Menkaure
   105 | D        | Reached ** piety under Trog
   106 | D        | Reached skill level 6 in Long Blades
   106 | D        | Reached XP level 2. HP: 28/30 MP: 1/1
   106 | D        | Reached XP level 3. HP: 34/37 MP: 2/2
   207 | D        | Noticed a neqoxec
   207 | D        | Noticed a neqoxec
   207 | D        | Noticed a neqoxec
   207 | D        | Noticed a neqoxec
   215 | D        | Killed a neqoxec
   216 | D        | Reached skill level 9 in Long Blades
   216 | D        | Reached XP level 4. HP: 43/49 MP: 3/3
   216 | D        | Reached XP level 5. HP: 49/56 MP: 4/4
   216 | D        | Gained mutation: You are weak. (Str -2) [a neqoxec]
   219 | D        | Gained mutation: Your body sometimes deteriorates upon
                  | taking damage. [a neqoxec]
   223 | D        | Killed a neqoxec
   223 | D        | Reached *** piety under Trog
   224 | D        | Reached skill level 11 in Long Blades
   224 | D        | Reached XP level 6. HP: 18/66 MP: 5/5
   225 | D        | Gained mutation: You are clumsy. (Dex -2) [a neqoxec]
   227 | D        | HP: 4/99 [neqoxec (13)]
   229 | D        | Gained mutation: Armour fits poorly on your strangely
                  | shaped body. [a neqoxec]
   230 | D        | Killed a neqoxec
   231 | D        | Reached skill level 10 in Fighting
   231 | D        | Reached skill level 12 in Long Blades
   231 | D        | Reached skill level 5 in Armour
   231 | D        | Gained mutation: You are very clumsy. (Dex -4) [a neqoxec]
   233 | D        | Mangled by a neqoxec

Illustrated notes

Levels and vault maps discovered:
D:        the_violet_keep_of_menkaure [sprint2_stairs_cluster_1,
          sprint2_shoproom, sprint2_temple, sprint2_basic_supplies,
          sprint2_obstacle_2, sprint2_obstacle_6, sprint2_obstacle_1,
          sprint2_obstacle_4, sprint2_obstacle_3, sprint2_timed_cluster_1,
          sprint2_smallroom_cluster_1, sprint2_smallroom_final_cluster_1,
          sprint2_transparent_cluster_1, sprint2_second_timed_cluster_1,
          sprint2_sniper_area_1, sprint2_heavy_combat_area_1,
          sprint2_mutation_trap_area_1, sprint2_forest_area_1,
          sprint2_light_combat_area_1, sprint2_behind_water_1,
          sprint2_near_end_vault_1]

Skill      XL: |  1  2  3  4  5  6 |
---------------+-------------------+-----
Fighting       | 6 8 9 10 | 10.9
Long Blades    | 6 9 11 12 | 12.3
Armour         | 3 4 5 |  5.2
Dodging        | 3 4 |  4.9

Action                   |  1- 3 |  4- 6 || total
-------------------------+-------+-------++-------
Melee: Falchion          |    19 |    17 ||    36
       Headbutt          |     4 |     2 ||     6
Invok: Berserk           |     2 |       ||     2
Armor: Animal skin       |       |     1 ||     1
Dodge: Dodged            |     5 |     4 ||     9
